 Dungeon Crawl Stone Soup version 0.21-a0-110-g8e1637b (webtiles) character file.

175 tilp the Firebug (level 5, -2/38 HPs)
             Began as a Hill Orc Fire Elementalist on July 10, 2017.
             Slain by an orc wizard
             ... wielding a +0 dagger
              (3 damage)
             ... on level 4 of the Dungeon.
             The game lasted 00:09:24 (3218 turns).

tilp the Firebug (Hill Orc Fire Elementalist)       Turns: 3218, Time: 00:09:25

Health: -2/38      AC:  3    Str: 11    XL:     5   Next: 55%
Magic:  0/8        EV: 11    Int: 16    God:
Gold:   183        SH:  0    Dex: 11    Spells: 3/9 levels left

rFire    . . .     SeeInvis .   e - -3 flail (curse)
rCold    . . .     Gourm    .   (no shield)
rNeg     . . .     Faith    .   n - +0 leather armour
rPois    .         Spirit   .   (no helmet)
rElec    .         Reflect  .   (no cloak)
rCorr    .         Harm     .   (no gloves)
MR       .....                  (no boots)
Stlth    +.........             (no amulet)
HPRegen  0.12/turn              (no ring)
MPRegen  0.11/turn              (no ring)

@: no status effects
A: no striking features
a: no special abilities


You were on level 4 of the Dungeon.
You were not hungry.

You visited 1 branch of the dungeon, and saw 4 of its levels.

You collected 183 gold pieces.

Inventory:

Hand Weapons
 e - a cursed -3 flail (weapon)
 g - a +0 short sword
 i - a +0 dagger
Missiles
 m - 135 stones
 w - 8 javelins (quivered)
Armour
 a - a +0 robe
 n - a +0 leather armour (worn)
Magical Staves
 r - an uncursed staff of cold {unknown}
 v - an uncursed staff of earth {unknown}
Jewellery
 o - a cursed ring of teleportation {unknown}
 y - a +4 amulet of reflection {unknown}
Scrolls
 h - 3 scrolls of magic mapping
 j - a scroll of recharging
 k - a scroll of enchant weapon
 l - a scroll of immolation
Potions
 p - a potion of curing {unknown}
 q - 2 potions of brilliance
 t - a potion of agility {unknown}
 u - a potion of flight {unknown}
 A - a potion of haste {unknown}
Books
 b - a book of Flames

   Spells                             Type                      Level
   a - Flame Tongue                   Conjuration/Fire             1
   b - Throw Flame                    Conjuration/Fire             2
   c - Conjure Flame                  Conjuration/Fire             3
   d - Inner Flame                    Hexes/Fire                   3
   e - Sticky Flame                   Conjuration/Fire             4
   f - Fireball                       Conjuration/Fire             5
Comestibles
 c - 3 bread rations
 s - 3 meat rations
 x - a royal jelly


   Skills:
 - Level 1.5 Dodging
 - Level 1.5 Stealth
 - Level 2.6 Spellcasting
 - Level 3.5 Conjurations
 + Level 4.2 Fire Magic


You had 3 spell levels left.
You knew the following spells:

 Your Spells              Type           Power        Failure   Level  Hunger
a - Flame Tongue          Conj/Fire      ##...        4%          1    #......
b - Throw Flame           Conj/Fire      ##....       8%          2    ##.....
c - Conjure Flame         Conj/Fire      ##......     16%         3    ###....


Dungeon Overview and Level Annotations

Branches:
Dungeon (4/15)
 Temple: D:4-7

Altars:
Kikubaaqudgha

Annotations:
D:2 1 runed door


Message History

There is a stone staircase leading up here.
Casting: Flame Tongue
Confirm with . or Enter, or press ? or * to list all spells.
Aiming: Flame Tongue
Press: ? - help, Shift-Dir - straight line The flame tongue hits something.
Something hits you but does no damage. x2
You barely miss something.
You hear some strange, mumbled words.
A puff of frost appears from out of thin air!
The puff of frost hits you!
* * * LOW HITPOINT WARNING * * *
Something hits you but does no damage.
It was a potion of cancellation.
You feel magically purged. Something hits you.
* * * LOW HITPOINT WARNING * * *
Casting: Flame Tongue
Confirm with . or Enter, or press ? or * to list all spells.
Aiming: Flame Tongue
Press: ? - help, Shift-Dir - straight line The flame tongue hits something.
Something hits you.
You die...

..........# #.#
.....#..#.####.#######
###..#)..............#
#..###############.###
##..# ............#
#...######.########.#.##
##..#...................#
........#.########.#.#.##
..............o{@...>...).
##....#.#.################
#...).#.#......
#.#o###...#..#
#.#.#.....#..# #.#.......#
.# #.#...###.# ..
#.......# ## .?......$.


You could see an orc.

Vanquished Creatures
  A hound (D:4)
  Jessica (D:3)
  Terence (D:2)
  An orc wizard (D:4)
  A gnoll (D:1)
  An adder skeleton (D:4)
  A worm (D:2)
  A dart slug (D:2)
  An orc (D:4)
  5 bats
  A giant cockroach (D:1)
  4 goblins (D:1)
  7 hobgoblins
  8 jackals (D:1)
  4 ball pythons
  6 frilled lizards
  8 kobolds
  2 rats
54 creatures vanquished.

Notes
Turn   | Place    | Note
-------+----------+-------------------------------------------
     0 | D:1      | tilp the Hill Orc Fire Elementalist began the quest for the Orb.
     0 | D:1      | Reached XP level 1. HP: 14/14 MP: 3/3
    56 | D:1      | Reached XP level 2. HP: 14/20 MP: 1/5
   197 | D:1      | Reached XP level 3. HP: 19/26 MP: 6/6
   590 | D:1      | Learned a level 2 spell: Throw Flame
   594 | D:1      | Learned a level 3 spell: Conjure Flame
  1330 | D:2      | Noticed Terence
  1345 | D:2      | Killed Terence
  1345 | D:2      | Reached XP level 4. HP: 26/33 MP: 0/7
  1458 | D:2      | Found a runed door.
  2504 | D:3      | Noticed Jessica
  2509 | D:3      | Killed Jessica
  2621 | D:3      | Found a faded altar of an unknown god.
  2730 | D:3      | Reached XP level 5. HP: 34/38 MP: 8/8
  2904 | D:3      | Found an ancient bone altar of Kikubaaqudgha.
  3145 | D:4      | Reached skill level 4 in Fire Magic
  3201 | D:4      | HP: 1/38 [something/puff of frost (4)]
  3217 | D:4      | HP: 1/38 [something (1)]
  3218 | D:4      | Slain by an orc wizard

Vault maps used:
D:1:      lightli_arrival_boilingwater, minmay_vboxes
D:2:      uniq_crazy_yiuf_cottage, uniq_terence
D:3:      nicolae_overflow_hidden_temple, chequers_ecumenical_altar_twisty,
          uniq_jessica
D:4:      minmay_temple_entry_enclosed_plants, first_bread,
          nicolae_underground_beach, uniq_duvessa, uniq_robin

Skill      XL: |  1  2  3  4  5 |
---------------+----------------+-----
Spellcasting   | 2 |  2.6
Conjurations   | 2 3 |  3.5
Fire Magic     | 4 |  4.2
Dodging        | |  1.5
Stealth        | |  1.5

Action                   |  1- 3 |  4- 6 || total
-------------------------+-------+-------++-------
Melee: Unarmed           |     4 |       ||     4
       Flail             |    67 |    98 ||   165
Throw: Javelin           |       |     2 ||     2
 Cast: Flame Tongue      |    45 |    40 ||    85
  Use: Scroll            |       |     8 ||     8
       Potion            |       |     2 ||     2
 Stab: Sleeping          |       |     2 ||     2
  Eat: Chunk             |     2 |     6 ||     8
Armor: Robe              |    24 |    17 ||    41
       Leather armour    |       |    23 ||    23
Dodge: Dodged            |    92 |    87 ||   179
